Map: Blackpink LE

Players

lock

  • Race: Zerg Zerg
  • League: Gold
  • Spawn Location: 7:00

Valderg - Winner!

  • Race: Zerg Zerg
  • League: Gold
  • Spawn Location: 1:00

VOD

Have the link to the VOD?

Description

Time

  • Played on: Nov. 21, 2017, 6:09 p.m.
  • Length: 19:26
Show
View Real Time Build Order
Export as new Build Order

lock Zerg 

Build Orders: Hatch First, Muta Ling Bane 

Get SALT Encoding   

  12  0:01  Drone  
  13  0:13  Overlord  
  13  0:18  Drone  
  14  0:31  Drone x2  
  14  0:35  Drone  
  17  0:53  Hatchery  
  16  0:58  Drone  
  16  1:03  Drone  
  18  1:13  Spawning Pool  
  18  1:18  Drone  
  18  1:21  Extractor  
  18  1:23  Drone  
  18  1:29  Overlord  
  18  1:40  Drone  
  19  1:51  Drone  
  20  2:00  Queen  
  22  2:04  Zergling x2  
  22  2:06  Queen  
  22  2:07  Drone  
  26  2:11  Drone  
  27  2:18  Drone  
  28  2:24  Metabolic Boost  
  28  2:25  Drone  
  28  2:28  Overlord  
  29  2:44  Queen  
  31  2:53  Drone x3  
  31  2:54  Zergling x2  
  35  3:04  Zergling x2  
  36  3:10  Drone x2  
  36  3:11  Overlord  
  37  3:16  Extractor  
  37  3:18  Evolution Chamber  
  35  3:27  Drone x2  
  35  3:28  Zergling x2  
  35  3:30  Hatchery  
  35  3:33  Baneling Nest  
  36  3:35  Drone  
  36  3:36  Drone  
  38  3:45  Drone  
  38  3:46  Drone x2  
  38  3:47  Zergling x2  
  42  3:56  Drone x3  
  42  4:01  Extractor  
  42  4:02  Drone x3  
  47  4:03  Drone  
  48  4:13  Zergling x4  
  48  4:14  Zergling x2  
  51  4:19  Drone  
  51  4:21  Overlord x2  
  52  4:29  Extractor  
  51  4:32  Spine Crawler  
  51  4:34  Drone x2  
  50  4:48  Drone x2  
  50  4:51  Lair  
  50  4:52  Zergling x4  
  54  4:56  Zergling x4, Spine Crawler  
  55  5:02  Queen, Drone x2  
  58  5:19  Spine Crawler, Drone x2  
  59  5:29  Zerg Ground Armor Level 1  
  59  5:34  Evolution Chamber  
  58  5:45  Zergling x8  
  58  5:46  Zergling x6  
  65  5:55  Zergling x4  
  65  5:56  Zergling x12  
  73  6:00  Overlord x2  
  73  6:16  Zergling x2  
  74  6:29  Drone x2  
  74  6:30  Overlord x2, Drone  
  74  6:31  Overlord  
  74  6:32  Zergling x2  
  78  6:33  Zergling x6  
  76  6:57  Spire  
  76  7:00  Baneling x5  
  76  7:01  Baneling x4  
  75  7:02  Centrifical Hooks  
  75  7:07  Drone x4  
  75  7:08  Drone x3  
  82  7:09  Overlord x2  
  82  7:13  Queen, Drone  
  85  7:16  Drone x2  
  87  7:33  Zergling x2  
  87  7:34  Zergling x20  
  87  7:35  Zergling x2  
  99  7:47  Zergling x10  
  103  7:55  Extractor  
  103  7:56  Overlord x2  
  103  7:57  Extractor  
  101  8:03  Baneling x6  
  101  8:04  Baneling x4  
  102  8:05  Zergling x2  
  102  8:06  Zergling x12  
  108  8:29  Mutalisk  
  108  8:30  Mutalisk x4  
  108  8:33  Mutalisk  
  120  8:52  Zergling x2  
  120  8:53  Zergling x16  
  120  8:54  Zergling x4  
  112  10:26  Mutalisk x4  
  112  10:27  Mutalisk x12  
  144  10:30  Zergling x2  
  144  10:31  Zergling x2  
  144  10:32  Overlord x3  
  144  10:33  Overlord x3  
  146  10:45  Hatchery  
  145  10:52  Zergling x10  
  145  10:53  Zergling x6  
  142  12:00  Mutalisk  
  142  12:01  Mutalisk x10  
  144  12:02  Mutalisk  
  125  12:37  Mutalisk x4  
  125  12:38  Mutalisk  
  115  13:15  Zergling x2  
  115  13:16  Zergling x10  
  119  14:06  Zergling x10  
  119  14:07  Zergling x4  
  86  14:51  Zergling x2  
  86  14:52  Zergling x16  
  93  14:53  Zergling x4  
  89  15:38  Mutalisk  
  89  15:39  Mutalisk x6  
  89  15:40  Mutalisk x2  
  107  15:58  Queen  
  109  16:14  Mutalisk  
  109  16:15  Mutalisk x8  
  109  16:16  Mutalisk  
  129  16:53  Mutalisk  
  131  16:54  Zergling x2  
  131  16:55  Zergling x14  
  73  17:37  Overseer x4  
Show
View Real Time Build Order
Export as new Build Order

Valderg Zerg - Winner!

Build Orders: Hatch First 

Get SALT Encoding   

  12  0:02  Drone  
  13  0:13  Overlord  
  13  0:19  Drone  
  14  0:32  Drone x2  
  16  0:38  Drone  
  17  0:53  Hatchery  
  16  0:57  Extractor  
  16  0:58  Drone  
  16  1:03  Drone  
  17  1:16  Spawning Pool  
  16  1:20  Drone  
  16  1:24  Drone  
  18  1:35  Drone  
  19  1:45  Drone  
  20  1:53  Drone  
  21  2:04  Roach Warren  
  21  2:07  Metabolic Boost  
  20  2:09  Queen  
  20  2:11  Queen  
  20  2:14  Zergling x2  
  25  2:21  Drone x2  
  27  2:27  Overlord  
  27  2:40  Zergling x2  
  28  2:47  Drone  
  28  2:48  Drone x3  
  28  2:49  Overlord  
  32  3:11  Drone x4  
  36  3:12  Queen  
  38  3:36  Drone x3  
  38  3:37  Drone x3  
  38  3:38  Overlord x3  
  44  3:54  Overlord  
  44  3:56  Queen  
  44  4:01  Roach x3  
  52  4:08  Extractor, Drone x2  
  52  4:09  Extractor  
  52  4:14  Lair  
  52  4:22  Roach x2  
  56  4:30  Drone x2  
  56  4:31  Drone  
  59  4:32  Drone  
  59  4:34  Drone  
  61  4:39  Roach  
  63  4:54  Roach  
  63  4:55  Roach  
  67  5:14  Glial Reconstitution  
  67  5:21  Evolution Chamber, Drone  
  67  5:22  Evolution Chamber, Drone  
  67  5:25  Overlord x5  
  67  5:53  Zerg Missile Weapons Level 1  
  67  5:54  Zerg Ground Armor Level 1  
  67  5:58  Roach x5  
  59  6:27  Zergling x6  
  59  6:28  Zergling x12  
  60  6:56  Hatchery  
  60  6:57  Roach x4  
  67  7:05  Queen x2  
  71  7:20  Extractor  
  70  7:24  Roach x2  
  70  7:25  Roach x6  
  86  7:39  Roach  
  86  7:40  Roach x7  
  102  8:00  Roach  
  102  8:01  Roach  
  106  8:15  Roach x4  
  114  8:31  Zerg Missile Weapons Level 2, Zerg Ground Armor Level 2  
  114  8:41  Overlord x3  
  114  8:42  Overlord x3  
  114  9:00  Infestation Pit  
  114  9:01  Drone  
  114  9:05  Drone x7  
  114  9:06  Drone  
  122  9:17  Spore Crawler  
  121  9:42  Drone  
  122  9:45  Spore Crawler  
  122  9:52  Spore Crawler  
  118  9:53  Infestor x3  
  118  9:54  Infestor  
  125  10:19  Roach  
  125  10:20  Roach x8  
  134  10:28  Hive  
  134  10:45  Burrow  
  134  10:48  Pneumatized Carapace  
  134  10:50  Roach x8  
  134  10:53  Ravager  
  151  11:11  Drone x4  
  153  11:12  Drone x2  
  157  11:41  Roach  
  157  11:42  Roach  
  157  11:43  Overlord x5  
  157  11:44  Overlord x2  
  120  12:51  Roach x9  
  126  13:12  Zergling x2, Roach  
  113  13:21  Infestor x3  
  113  13:22  Infestor  
  113  13:26  Hatchery  
  120  13:27  Roach  
  120  13:28  Roach x2  
  120  13:34  Ultralisk Cavern  
  125  13:46  Infestor x7  
  123  13:49  Spore Crawler  
  115  14:08  Infestor x3  
  118  14:15  Spore Crawler x2  
  115  14:17  Spore Crawler  
  108  14:42  Roach  
  108  14:43  Roach x7  
  124  14:52  Drone  
  125  14:53  Queen x3  
  125  14:56  Queen  
  133  15:38  Ultralisk  
  139  15:43  Extractor x2  
  137  15:55  Drone x6  
  143  16:00  Drone x3  
  143  16:01  Drone x3  
  149  16:12  Ravager  
  149  16:13  Ravager  
  151  16:36  Roach x2  
  151  16:37  Roach x5  
  165  16:40  Zergling x2  
  165  16:41  Zergling x20  
  176  16:53  Zergling x10  
  181  17:01  Drone x2  
  181  17:02  Drone  
Tags
 
Composition
Muta Ling Bane
League
GoldGold
Matchup
ZvZ
Race
Zerg
Spawn Locations
Cross Positions
Add a new tag
Caveats
  • Supply blocks, unpowered buildings, or Contaminate may cause inaccurate times.
  • Supply counts are checked every 10 seconds.